[ AOE2 MATCH · #505825099 ]
UnrankedCelts vs Italians
Player's team · WIN
Rival team · LOSS
[ REPLAY ANALYSIS · EXTRACTED FROM THE RECORDED GAME ]
Feudal
13:25
Castle
20:56
Imperial
—
| APM avg | 40.1 |
| APM peak | 63 |
| eAPM avg | 19.0 |
| Villagers / military | 76 / 30 |
Focus
⚔️ 32.5% · 🌾 67.5%
Unknown (2626) ×21 · Spearman ×17 · Fishing Ship ×11 · Knight ×4 · Militia ×4 · Mangonel ×4
Feudal
12:35
Castle
17:30
Imperial
—
| APM avg | 60.5 |
| APM peak | 111 |
| eAPM avg | 25.9 |
| Villagers / military | 84 / 19 |
Focus
⚔️ 26.5% · 🌾 73.5%
Unknown (2626) ×17 · Fishing Ship ×14 · Archer ×6 · Knight ×5 · Monk ×3 · Transport Ship ×3
Match map
Initial resources + every placement click. Lines = walls · curves = elevation contours. ◆ gold · ⬟ stone · ● berries · ✦ relic · ◌ wall gap
Your base· ✓ Map-separated
Tyrant's base· ✓ Map-separated
Smoothed initial terrain · ◌ = detected wall gap · hover for details
Inputs per minute
— EmmaWatchSon - - Tyrant
Build order — EmmaWatchSon
First 150 of 215 actions detected
| 0:01 | Queue | Villager (Male) ×4 |
| 0:02 | Build | House |
| 0:03 | Build | House |
| 1:28 | Queue | Villager (Male) |
| 1:46 | Build | Lumber Camp |
| 2:00 | Queue | Villager (Male) |
| 2:01 | Queue | Villager (Male) |
| 2:17 | Queue | Villager (Male) |
| 2:18 | Queue | Villager (Male) |
| 2:51 | Queue | Villager (Male) |
| 2:52 | Queue | Villager (Male) |
| 3:11 | Queue | Villager (Male) |
| 3:11 | Queue | Villager (Male) |
| 3:29 | Build | House |
| 3:36 | Queue | Villager (Male) |
| 3:36 | Queue | Villager (Male) |
| 3:47 | Queue | Villager (Male) |
| 4:19 | Build | Dock |
| 4:22 | Queue | Villager (Male) |
| 4:22 | Queue | Villager (Male) |
| 5:02 | Queue | Fishing Ship |
| 5:06 | Build | House |
| 5:09 | Queue | Villager (Male) |
| 5:09 | Queue | Villager (Male) |
| 5:09 | Queue | Villager (Male) |
| 5:09 | Queue | Villager (Male) |
| 5:37 | Queue | Fishing Ship |
| 5:56 | Queue | Villager (Male) |
| 6:03 | Queue | Fishing Ship |
| 6:17 | Queue | Villager (Male) |
| 6:33 | Build | Barracks |
| 6:45 | Queue | Villager (Male) |
| 6:45 | Queue | Villager (Male) |
| 6:58 | Queue | Fishing Ship |
| 7:05 | Build | House |
| 7:23 | Queue | Militia |
| 7:23 | Queue | Militia |
| 7:31 | Queue | Villager (Male) |
| 7:36 | Build | Lumber Camp |
| 7:38 | Queue | Villager (Male) |
| 7:52 | Build | House |
| 7:54 | Queue | Militia |
| 8:00 | Build | House |
| 8:06 | Queue | Militia |
| 8:29 | Queue | Transport Ship |
| 8:31 | Queue | Villager (Male) |
| 8:52 | Build | Mill |
| 9:04 | Queue | Villager (Male) |
| 9:05 | Queue | Villager (Male) |
| 9:08 | Queue | Fishing Ship |
| 9:28 | Queue | Villager (Male) |
| 9:44 | Queue | Fishing Ship |
| 9:45 | Queue | Villager (Male) |
| 9:56 | Build | Dock |
| 10:13 | Build | House |
| 10:40 | Queue | Fishing Ship |
| 10:40 | Queue | Villager (Male) |
| 10:47 | Build | Mining Camp |
| 11:08 | Queue | Fishing Ship |
| 11:15 | Research | Feudal Age |
| 11:42 | Queue | Villager (Male) |
| 12:10 | Queue | Villager (Male) |
| 12:24 | Build | House |
| 12:28 | Queue | Fishing Ship |
| 12:28 | Queue | Fishing Ship |
| 12:50 | Build | Dock |
| 12:59 | Queue | Fishing Ship |
| 13:25 | Age | Feudal Age |
| 13:28 | Queue | Unit 2626 |
| 13:28 | Queue | Unit 2626 |
| 13:29 | Queue | Villager (Male) |
| 13:40 | Research | Man-at-Arms (upgrade) |
| 14:00 | Queue | Villager (Male) |
| 14:20 | Research | Arson |
| 14:20 | Queue | Villager (Male) |
| 14:21 | Queue | Villager (Male) |
| 14:25 | Research | Double-Bit Axe |
| 14:27 | Build | Lumber Camp |
| 14:28 | Research | Horse Collar |
| 14:32 | Build | Farm |
| 14:33 | Build | Farm |
| 14:33 | Build | Farm |
| 14:33 | Build | Farm |
| 14:33 | Build | Farm |
| 14:34 | Build | Farm |
| 14:34 | Build | Farm |
| 15:25 | Queue | Unit 2626 |
| 15:25 | Queue | Unit 2626 |
| 15:26 | Queue | Unit 2626 |
| 15:31 | Queue | Villager (Male) |
| 15:33 | Build | House |
| 15:35 | Build | Farm |
| 15:36 | Build | Farm |
| 15:40 | Build | Farm |
| 15:44 | Research | Loom |
| 15:44 | Research | Wheelbarrow |
| 15:50 | Queue | Villager (Male) |
| 16:16 | Research | Gold Mining |
| 16:34 | Queue | Villager (Male) |
| 16:37 | Build | House |
| 16:38 | Build | House |
| 16:48 | Build | Market |
| 17:44 | Build | Blacksmith |
| 17:49 | Queue | Unit 2626 |
| 17:49 | Queue | Unit 2626 |
| 17:49 | Queue | Unit 2626 |
| 18:16 | Research | Castle Age |
| 18:59 | Queue | Villager (Male) |
| 19:00 | Queue | Villager (Male) |
| 19:11 | Queue | Villager (Male) |
| 19:22 | Queue | Unit 2626 |
| 19:22 | Queue | Unit 2626 |
| 19:23 | Queue | Unit 2626 |
| 19:27 | Build | Mining Camp |
| 19:29 | Build | Mining Camp |
| 19:49 | Build | Barracks |
| 19:51 | Build | Barracks |
| 19:57 | Build | Palisade Wall |
| 19:59 | Build | Palisade Wall |
| 20:01 | Build | Palisade Wall |
| 20:29 | Queue | Unit 2626 |
| 20:29 | Queue | Unit 2626 |
| 20:29 | Queue | Unit 2626 |
| 20:36 | Queue | Spearman |
| 20:36 | Queue | Spearman |
| 20:37 | Research | Scale Mail Armor |
| 20:39 | Queue | Spearman |
| 20:39 | Queue | Spearman |
| 20:45 | Build | House |
| 20:46 | Build | House |
| 20:56 | Age | Castle Age |
| 21:08 | Research | War Galley (upgrade) |
| 21:23 | Research | Pikeman (upgrade) |
| 21:24 | Research | Chain Mail Armor |
| 21:26 | Build | House |
| 21:34 | Queue | Villager (Male) |
| 21:37 | Queue | Unit 2626 |
| 21:41 | Build | Town Center |
| 21:51 | Queue | Villager (Male) |
| 22:01 | Research | Tech 906 |
| 22:02 | Queue | Villager (Male) |
| 22:06 | Research | Bow Saw |
| 22:20 | Queue | Villager (Male) |
| 22:32 | Queue | Spearman |
| 22:33 | Queue | Spearman |
| 22:50 | Queue | Spearman |
| 22:51 | Queue | Spearman |
| 23:12 | Research | Gillnets |
| 23:12 | Queue | Villager (Male) |
| 23:13 | Queue | Villager (Male) |
Build order — Tyrant
First 150 of 216 actions detected
| 0:00 | Queue | Villager (Male) |
| 0:00 | Queue | Villager (Male) |
| 0:01 | Queue | Villager (Male) |
| 0:02 | Build | House |
| 0:02 | Build | House |
| 0:15 | Queue | Villager (Male) |
| 1:25 | Queue | Villager (Male) |
| 1:49 | Build | Lumber Camp |
| 2:01 | Queue | Villager (Male) |
| 2:20 | Queue | Villager (Male) |
| 2:47 | Queue | Villager (Male) |
| 3:11 | Queue | Villager (Male) |
| 3:24 | Build | House |
| 3:39 | Queue | Villager (Male) |
| 3:54 | Queue | Villager (Male) |
| 4:23 | Build | Dock |
| 4:27 | Queue | Villager (Male) |
| 4:53 | Queue | Villager (Male) |
| 4:58 | Build | House |
| 5:02 | Queue | Fishing Ship |
| 5:07 | Build | House |
| 5:23 | Queue | Villager (Male) |
| 5:50 | Queue | Villager (Male) |
| 5:53 | Queue | Fishing Ship |
| 6:05 | Queue | Fishing Ship |
| 6:11 | Queue | Villager (Male) |
| 6:13 | Build | House |
| 6:34 | Queue | Villager (Male) |
| 6:40 | Build | Lumber Camp |
| 6:49 | Queue | Villager (Male) |
| 6:59 | Queue | Fishing Ship |
| 7:08 | Build | House |
| 7:11 | Queue | Villager (Male) |
| 7:35 | Queue | Villager (Male) |
| 7:46 | Queue | Fishing Ship |
| 8:13 | Build | Dock |
| 8:20 | Queue | Villager (Male) |
| 8:23 | Queue | Fishing Ship |
| 8:32 | Build | House |
| 8:38 | Queue | Villager (Male) |
| 9:00 | Build | Mining Camp |
| 9:05 | Queue | Villager (Male) |
| 9:07 | Queue | Fishing Ship |
| 9:10 | Queue | Fishing Ship |
| 9:18 | Build | House |
| 9:23 | Queue | Villager (Male) |
| 9:36 | Queue | Fishing Ship |
| 9:36 | Queue | Fishing Ship |
| 9:58 | Queue | Villager (Male) |
| 10:25 | Research | Feudal Age |
| 10:36 | Build | Mill |
| 10:51 | Queue | Fishing Ship |
| 10:51 | Queue | Fishing Ship |
| 10:56 | Queue | Transport Ship |
| 11:31 | Queue | Fishing Ship |
| 11:37 | Build | House |
| 11:58 | Build | Palisade Wall |
| 11:59 | Build | Palisade Wall |
| 12:06 | Build | House |
| 12:08 | Build | House |
| 12:11 | Queue | Villager (Male) |
| 12:20 | Queue | Villager (Male) |
| 12:31 | Build | Palisade Wall |
| 12:35 | Age | Feudal Age |
| 12:43 | Build | Barracks |
| 12:51 | Queue | Unit 2626 |
| 12:51 | Queue | Unit 2626 |
| 12:51 | Queue | Unit 2626 |
| 12:52 | Queue | Villager (Male) |
| 13:05 | Queue | Villager (Male) |
| 13:08 | Research | Double-Bit Axe |
| 13:35 | Build | Archery Range |
| 13:42 | Research | Loom |
| 13:53 | Build | Palisade Wall |
| 14:05 | Queue | Villager (Male) |
| 14:15 | Queue | Archer |
| 14:16 | Queue | Archer |
| 14:23 | Build | Market |
| 14:45 | Queue | Villager (Male) |
| 14:50 | Research | Castle Age |
| 15:13 | Queue | Archer |
| 15:27 | Queue | Archer |
| 15:40 | Queue | Villager (Male) |
| 15:44 | Queue | Unit 2626 |
| 15:44 | Queue | Unit 2626 |
| 15:58 | Build | Stable |
| 16:21 | Queue | Unit 2626 |
| 16:23 | Queue | Villager (Male) |
| 16:31 | Build | Lumber Camp |
| 16:44 | Queue | Unit 2626 |
| 16:48 | Build | House |
| 17:30 | Age | Castle Age |
| 17:45 | Queue | Knight |
| 17:48 | Queue | Villager (Male) |
| 18:04 | Queue | Villager (Male) |
| 18:06 | Build | Blacksmith |
| 18:18 | Queue | Unit 2626 |
| 18:39 | Queue | Knight |
| 18:56 | Queue | Villager (Male) |
| 18:57 | Queue | Knight |
| 18:57 | Queue | Villager (Male) |
| 19:23 | Queue | Transport Ship |
| 19:31 | Research | Light Cavalry (upgrade) |
| 19:32 | Queue | Scout Cavalry |
| 19:34 | Build | Town Center |
| 19:38 | Queue | Villager (Male) |
| 19:44 | Research | Forging |
| 19:50 | Queue | Unit 2626 |
| 19:50 | Queue | Unit 2626 |
| 19:59 | Queue | Villager (Male) |
| 20:01 | Research | Bow Saw |
| 20:23 | Queue | Villager (Male) |
| 20:32 | Queue | Unit 2626 |
| 20:33 | Queue | Unit 2626 |
| 20:45 | Queue | Villager (Male) |
| 21:12 | Build | Town Center |
| 21:14 | Queue | Villager (Male) |
| 21:14 | Queue | Villager (Male) |
| 21:15 | Queue | Villager (Male) |
| 21:20 | Research | Horse Collar |
| 21:30 | Queue | Villager (Male) |
| 21:38 | Build | Dock |
| 21:48 | Queue | Unit 2626 |
| 21:49 | Queue | Unit 2626 |
| 21:49 | Queue | Villager (Male) |
| 21:49 | Queue | Villager (Male) |
| 21:53 | Queue | Villager (Male) |
| 22:12 | Queue | Villager (Male) |
| 22:22 | Queue | Unit 2626 |
| 22:22 | Queue | Unit 2626 |
| 22:22 | Queue | Villager (Male) |
| 22:52 | Queue | Fishing Ship |
| 23:07 | Queue | Archer |
| 23:07 | Queue | Archer |
| 23:08 | Queue | Villager (Male) |
| 23:25 | Queue | Villager (Male) |
| 23:25 | Queue | Villager (Male) |
| 23:35 | Build | Monastery |
| 23:36 | Queue | Villager (Male) |
| 23:53 | Queue | Villager (Male) |
| 23:58 | Queue | Villager (Male) |
| 24:05 | Build | House |
| 24:12 | Queue | Villager (Male) |
| 24:13 | Queue | Villager (Male) |
| 24:13 | Queue | Villager (Male) |
| 24:17 | Build | House |
| 24:20 | Build | House |
| 24:22 | Build | Farm |
| 24:34 | Queue | Monk |
| 24:35 | Queue | Villager (Male) |
Match timeline
| 4:19 | EmmaWatchSon · first_building Dock |
| 4:23 | Tyrant · first_building Dock |
| 6:33 | EmmaWatchSon · first_building Barracks |
| 11:58 | Tyrant · wall_segment Palisade Wall x1 |
| 11:59 | Tyrant · wall_segment Palisade Wall x1 |
| 12:31 | Tyrant · wall_segment Palisade Wall x4 |
| 12:35 | Tyrant · age_up feudal |
| 12:43 | Tyrant · first_building Barracks |
| 13:25 | EmmaWatchSon · age_up feudal |
| 13:35 | Tyrant · first_building Archery Range |
| 13:53 | Tyrant · wall_segment Palisade Wall x1 |
| 15:58 | Tyrant · first_building Stable |
| 17:30 | Tyrant · age_up castle |
| 17:39 | EmmaWatchSon · first_market_sell 100 wood |
| 19:57 | EmmaWatchSon · wall_segment Palisade Wall x1 |
| 19:59 | EmmaWatchSon · wall_segment Palisade Wall x1 |
| 20:01 | EmmaWatchSon · wall_segment Palisade Wall x1 |
| 20:56 | EmmaWatchSon · age_up castle |
| 21:30 | EmmaWatchSon · first_market_buy 100 wood |
| 23:35 | Tyrant · first_building Monastery |
| 23:58 | Tyrant · first_market_buy 100 food |
| 24:11 | EmmaWatchSon · first_building Stable |
| 24:52 | EmmaWatchSon · first_building Siege Workshop |
| 28:57 | Tyrant · resign |
[ AI ANALYSIS · 1 CREDIT ]
What really happened in this match?
Wolo.gg analyzes every decision: build order, eco, micro, common mistakes by bracket. Personalized analysis on WhatsApp or Discord in 30 seconds.
Civ guide
Celts
Perfil
Jugador #1702816